 Dungeon Crawl Stone Soup version 0.27.0-1-g7a089689b8 (webtiles) character file.

Game seed: 3337134147913523912

30 SnakkuSnakku7 the Chopper (level 3, 0/20 HPs)
             Began as a Vine Stalker Berserker on Aug 11, 2021.
             Was a Follower of Trog.
             Slain by a jackal (1 damage)
             ... on level 1 of the Dungeon.
             The game lasted 00:00:47 (309 turns).

SnakkuSnakku7 the Chopper (Vine Stalker Berserker)   Turns: 309, Time: 00:00:48

Health: 0/20       AC:  2    Str: 20    XL:     3   Next: 20%
Magic:  0/4        EV: 12    Int:  7    God:    Trog [*.....]
Gold:   37         SH:  0    Dex: 13    Spells: 2/2 levels left

rFire    . . .     SeeInvis +   a - +0 hand axe
rCold    . . .     Faith    .   (no shield)
rNeg     . . .     Spirit   +   b - +0 animal skin
rPois    .         Reflect  .   (no helmet)
rElec    .         Harm     .   (no cloak)
rCorr    .         Rampage  .   (no gloves)
Will     .....                  (no boots)
Stlth    +.........             (no amulet)
HPRegen  0.06/turn              g - ring of see invisible
MPRegen  0.09/turn              (no ring)

@: no status effects
A: fangs 2, magic shield, antimagic bite, no potion heal 2
a: Renounce Religion, Berserk


You were on level 1 of the Dungeon.
You worshipped Trog.
Trog was aware of your devotion.
You visited 1 branch of the dungeon, and saw 1 of its levels.

You collected 37 gold pieces.

Inventory:

Hand Weapons
 a - a +0 hand axe (weapon)
Armour
 b - a +0 animal skin (worn)
Jewellery
 g - a ring of see invisible (left hand)
Scrolls
 e - a scroll of teleportation {unknown}
 f - a scroll of identify {unknown}
Potions
 c - a potion of heal wounds {unknown}
 d - a potion of magic {unknown}
 h - a potion of curing {unknown}
 i - a potion of ambrosia {unknown}


   Skills:
 + Level 3.3 Fighting
 + Level 3.3 Axes
 - Level 1.5 Armour
 - Level 1.5 Dodging


You had 2 spell levels left.
You didn't know any spells.
Your spell library was empty.

Dungeon Overview and Level Annotations

Branches:
Dungeon (1/15)

Altars:


Innate Abilities, Weirdness & Mutations

You have extremely sharp teeth.
When hurt, damage is shared between your health and your magic reserves.
Your bite disrupts and absorbs the magic of your enemies.
Potions cannot restore your health.


Message History

The jackal is moderately wounded.
The jackal bites you.
* * * LOW HITPOINT WARNING * * *
The jackal bites you.
* * * LOW HITPOINT WARNING * * *
You hit the jackal. Your bite misses the jackal.
The jackal is almost dead.
The jackal barely misses you.
Unknown command.
You hit the jackal.
You kill the jackal!
Trog accepts your kill. The jackal barely misses you.
You hit the jackal.
You kill the jackal!
Trog accepts your kill. The bat closely misses you.
The bat hits you but does no damage.
You barely miss the kobold. You bite the kobold.
You kill the kobold!
Trog accepts your kill. The bat hits you but does no damage.
You closely miss the bat. Your bite misses the bat.
The bat hits you but does no damage. The bat hits you but does no damage.
You slash the bat!
You kill the bat!
Trog accepts your kill.
A jackal comes into view.
A jackal is nearby!
A jackal is nearby!
A jackal is nearby!
You recover from your berserk rage.
The jackal barks!
You see here a +0 dagger.
You completely miss the jackal. Your bite misses the jackal.
The jackal bites you.
* * * LOW HITPOINT WARNING * * *
The jackal bites you.
You die...

# ## #.#. .#. .. #.
##†###### #+#
#.h@....#
####.#####..####.#
##..#.#..##..####.#
#.#.#.#.#.#....##.#
#..#...#..#.##.##.#
######.....####......#
#.+.....<.....+.#.####
.### #.
#.####.....####
#.#######.......
#.##..#...#..#
#.#........ ...


You could see a jackal.

Vanquished Creatures
  2 dart slugs (D:1)
  3 ball pythons (D:1)
  An endoplasm (D:1)
  3 goblins (D:1)
  5 jackals (D:1)
  2 bats (D:1)
  2 frilled lizards (D:1)
  4 kobolds (D:1)
  A rat (D:1)
23 creatures vanquished.

Notes
Turn   | Place    | Note
-------+----------+-------------------------------------------
     0 | D:1      | SnakkuSnakku7 the Vine Stalker Berserker began the quest
                  | for the Orb.
     0 | D:1      | Reached XP level 1. HP: 11/11 MP: 2/2
   104 | D:1      | Reached XP level 2. HP: 16/16 MP: 3/3
   254 | D:1      | Reached XP level 3. HP: 10/20 MP: 4/4
   309 | D:1      | HP: 1/20 [jackal (2)]
   309 | D:1      | Slain by a jackal

Illustrated notes

Levels and vault maps discovered:
D:1:      nzn_arrival_crosshair, layout_loops_cross, serial_shops, shop

Skill      XL: |  1  2 |
---------------+-------+-----
Fighting       | 3 |  3.3
Axes           | 3 |  3.3
Armour         | |  1.5
Dodging        | |  1.5

Action                   || total
-------------------------++-------
Melee: Hand axe          ||    45
       Bite              ||    11
Invok: Berserk           ||     1
Armor: Animal skin       ||    10
Dodge: Dodged            ||    27
